 Dungeon Crawl Stone Soup version 0.31.0-32-g396128a36d (webtiles) character file.

Game seed: 2835260434628952337

894 tizbic2 the Shield-Bearer (level 8, -2/62 HPs)
             Began as a Formicid Fighter on Apr 10, 2024.
             Killed by nerve-wracking pain
             ... invoked by an orc priest
              (13 damage)
             ... on level 5 of the Dungeon.
             The game lasted 00:13:22 (3378 turns).

tizbic2 the Shield-Bearer (Formicid Fighter)        Turns: 3378, Time: 00:13:23

Health: -2/62      AC: 11    Str: 22    XL:     8   Next: 27%
Magic:  9/9        EV:  9    Int:  7    God:
Gold:   215        SH:  6    Dex: 15    Spells: 7/7 levels left

rFire   x . .        e - +3 dagger (venom)
rCold   + + .        c - +0 buckler
rNeg    . . .        x - +0 ice dragon scales
rPois   .            (helmet unavailable)
rElec   .            (no cloak)
rCorr   .            (no gloves)
SInv    +            (no boots)
Will    .....        i - amulet of the acrobat Stlth
                     (no ring)
HPRegen 0.30/turn    (no ring)
MPRegen 0.11/turn

%: acrobat
@: no status effects
A: permanent stasis, dig shafts and tunnels, antennae 3, four strong arms
a: Dig, Shaft Self


You were on level 5 of the Dungeon.
You visited 1 branch of the dungeon, and saw 5 of its levels.

You collected 215 gold pieces.

Inventory:

Hand Weapons
 a - a +2 whip of flaming
 e - a +3 dagger of venom (weapon)
 w - a +0 sling
Missiles
 h - 6 atropa-tipped darts
 t - 2 poisoned darts
Armour
 c - a +0 buckler (worn)
 x - +0 ice dragon scales (worn)
Jewellery
 i - an amulet of the acrobat (around neck)
Talismans
 u - a serpent talisman
Wands
 m - a wand of iceblast (7)
Scrolls
 f - a scroll of torment {unknown}
 k - a scroll of silence {unknown}
 l - a scroll of blinking {unknown}
 p - 3 scrolls of teleportation
 q - a scroll of fog {unknown}
Potions
 d - a potion of might
 g - 2 potions of lignification
 j - 2 potions of attraction {unknown}
 n - 2 potions of brilliance
 o - a potion of curing {unknown}
 r - a potion of resistance {unknown}
 s - a potion of enlightenment {unknown}
 v - a potion of magic {unknown}


   Skills:
 + Level 5.3 Fighting
 - Level 2.0 Maces & Flails
 * Level 5.3 Ranged Weapons
 + Level 5.4 Armour
 + Level 6.4 Shields
 + Level 1.6 Invocations


You had 7 spell levels left.
You didn't know any spells.
Your spell library contained the following spells:

 Spells                   Type           Power      Damage    Failure   Level
 Sublimation of Blood     Necr           0%         N/A       94%         2
 Tukima's Dance           Hex            0%         N/A       99%         3
 Passage of Golubria      Tloc           0%         N/A       100%        4
 Petrify                  Alch/Erth      0%         N/A       100%        4
 Irradiate                Conj/Alch      0%         3d11      100%        5
 Yara's Violent Unravell  Hex/Alch       0%         3d3       100%        5


Dungeon Overview and Level Annotations

Branches:
Dungeon (5/15)
 Temple: D:4-7

Altars:
Dithmenos
Fedhas
Nemelex Xobeh
Sif Muna


Innate Abilities, Weirdness & Mutations

You cannot be hasted, slowed, berserked, paralysed or teleported.
You can dig through walls and to a lower floor.
You have a pair of large antennae on your head. (SInv)
Your four strong arms can wield two-handed weapons with a shield.


Message History

A hound comes into view.
The orc hits you but does no damage.
You barely miss the orc.
The hound barks!
The orc priest barely misses you. The orc barely misses you.
You hit the orc.
The orc is poisoned.
The orc is heavily wounded.
The orc hits you but does no damage. The orc priest barely misses you.
The orc closely misses you.
You hit the orc but do no damage.
The orc looks as sick as possible!
The orc is almost dead.
You kill the orc!
The orc closely misses you. You block the orc priest's attack.
You hit the orc.
The orc is poisoned.
The orc is heavily wounded.
You block the orc priest's attack. The orc hits you but does no damage.
You block the hound's attack. The orc completely misses you.
The orc priest completely misses you. The hound closely misses you.
Things that are here:
a +1 trident of protection; an orc corpse You barely miss the hound.
You kill the orc!
You block the hound's attack. The orc priest closely misses you.
You closely miss the orc priest. You block the hound's attack.
The orc priest invokes the aid of Beogh against you.
Beogh smites you! The hound bites you.
The orc priest hits you with a +0 trident.
You miss the hound. The hound bites you but does no damage.
The hound misses you.
The orc priest invokes the aid of Beogh against you.
Beogh smites you!
You barely miss the hound. The hound bites you.
The orc priest invokes the aid of Beogh against you.
Beogh smites you!
* * * LOW HITPOINT WARNING * * *
You hit the orc priest but do no damage.
The orc priest is poisoned.
The hound barely misses you. x2
The orc priest calls down the wrath of Beogh upon you.
Pain shoots through your body!
You die...

# ##......#
##.....# ##
#....## #..
#....## #...
##.....#
#....
#......###
#...#
#...##....##
#...# ...##
##.!..##o..#
..##
###..)@h..#
## #...)...#
##..#..##
#..##.# #..#
.# ##.# .#
##. # #


You could see a hound and an orc priest (poisoned).

Vanquished Creatures
  Sigmund (D:3)
  A black bear (D:5)
  2 phantoms
  A bullfrog (D:3)
  2 bombardier beetles
  A howler monkey (D:5)
  A hound (D:4)
  A jelly (D:5)
  An orc priest (D:5)
  A sleepcap (D:5)
  Terence (D:2)
  An orc wizard (D:5)
  4 gnolls (D:3)
  6 adders
  A dart slug (D:1)
  2 ribbon worms (D:2)
  5 orcs (D:5)
  9 endoplasms
  4 goblins
  5 hobgoblins
  8 kobolds
  5 ball pythons
  6 bats
  2 frilled lizards (D:1)
  5 rats
76 creatures vanquished.

Notes
Turn   | Place    | Note
-------+----------+-------------------------------------------
     0 | D:1      | tizbic2 the Formicid Fighter began the quest for the Orb.
     0 | D:1      | Reached XP level 1. HP: 18/18 MP: 1/1
   261 | D:1      | Reached XP level 2. HP: 22/24 MP: 2/2
   534 | D:1      | Reached skill level 1 in Ranged Weapons
   616 | D:1      | Reached XP level 3. HP: 25/29 MP: 3/3
   702 | D:2      | Noticed a phantom
   716 | D:2      | Killed a phantom
   717 | D:2      | Reached XP level 4. HP: 24/37 MP: 4/4
   717 | D:2      | Reached XP level 5. HP: 28/42 MP: 5/5
   905 | D:2      | Noticed Terence
   920 | D:2      | Killed Terence
  1259 | D:2      | Found a blossoming altar of Fedhas.
  1386 | D:2      | Reached skill level 5 in Shields
  1589 | D:3      | Reached XP level 6. HP: 20/48 MP: 6/6
  1704 | D:3      | Noticed Sigmund
  1715 | D:3      | Killed Sigmund
  1716 | D:3      | Reached XP level 7. HP: 52/55 MP: 7/7
  1811 | D:3      | Found a blossoming altar of Fedhas.
  2128 | D:4      | Reached skill level 5 in Armour
  2128 | D:4      | Reached skill level 6 in Shields
  2435 | D:4      | Found a shadowy altar of Dithmenos.
  2601 | D:4      | Found a shimmering blue altar of Sif Muna.
  2625 | D:4      | Reached skill level 5 in Fighting
  2671 | D:4      | Found a sparkling altar of Nemelex Xobeh.
  2721 | D:5      | Entered Level 5 of the Dungeon
  2944 | D:5      | Reached skill level 5 in Ranged Weapons
  2944 | D:5      | Reached XP level 8. HP: 62/62 MP: 8/8
  2948 | D:5      | Reached skill level 1 in Invocations
  3378 | D:5      | Killed from afar by an orc priest

Illustrated notes

Levels and vault maps discovered:
D:1:      sevenhm_arrival_forest_fort_large_3, layout_basic,
          minmay_stone_trees_small, minmay_misc_feat_tiny,
          nicolae_concentric_dashed_squares_mild, minmay_misc_feat_enclosed
D:2:      layout_basic, basic_altar, uniq_terence
D:3:      layout_rooms, fedhas_altar_2, fountainhead, uniq_sigmund
D:4:      layout_gridville, mainiacjoe_overflow_alcove_1, kennysheep_little_box,
          grunt_dithmenos_smoke_and_mirrors
D:5:      layout_layer_cave, cheibrodos_sewer_entry_bend,
          minmay_misc_feat_diagonals, uniq_prince_ribbit1

Skill      XL: |  1  2  3  4  5  6  7  8 |
---------------+-------------------------+-----
Ranged Weapons | 1 2 3 4 5 |  5.3
Armour         | 4 5 |  5.4
Fighting       | 4 5 |  5.3
Shields        | 5 6 |  6.4
Invocations    | 1 |  1.6
Maces & Flails | |  2.0

Action                     |  1- 3 |  4- 6 |  7- 9 || total
---------------------------+-------+-------+-------++-------
  Melee: Mace              |    52 |    14 |       ||    66
         Flail             |    27 |       |       ||    27
         Dagger            |       |    50 |    94 ||   144
         Whip              |       |    22 |    24 ||    46
   Fire: Sling             |       |       |    10 ||    10
Ability: Dig               |     1 |       |     1 ||     2
    Use: Scroll            |       |     1 |     4 ||     5
 Armour: Scale mail        |    58 |    39 |    60 ||   157
         Ice dragon scales |       |       |     8 ||     8
  Dodge: Dodged            |    36 |    35 |    71 ||   142
  Block: Buckler           |    23 |    15 |    36 ||    74
